[Event "GrandPrix_29.05"]
[Site "Chess.com"]
[Date "2020.05.29"]
[Round "1"]
[White "Fandorine"]
[Black "Hakob-Hakobyan-Arm"]
[Result "1-0"]
[WhiteElo "2579"]
[BlackElo "2137"]
[TimeControl "600+2"]
[EndTime "9:06:21 PDT"]
[Termination "Fandorine won by resignation"]

1. e4 Nc6 2. Nf3 d6 3. d4 Nf6 4.
d5 Nb8 5. Bd3 g6 6. O-O Bg7 7. h3 O-O 8. c4 c6 9. Nc3 Nbd7 10.
Re1 a5 11. Bg5 Qb6 12. Rb1 Nc5 13. Bc2 Qb4 14. dxc6 Qxc4 15. e5 dxe5 16. Nxe5 Qa6 17. Be3 Ne6 18. Bd3 Rd8 19. Bxa6 Rxd1 20. cxb7 Rxe1+ 21. Rxe1 Bxb7 22. Bxb7 Rb8 23. Bf3 Rxb2 24. Rb1 Rxb1+ 25.
Nxb1 Ne8 26. Nc6 1-0

[Event "GrandPrix_29.05"]
[Site "Chess.com"]
[Date "2020.05.29"]
[Round "1"]
[White "RogerFederer13"]
[Black "IwkooO"]
[Result "1-0"]
[WhiteElo "2083"]
[BlackElo "2400"]
[TimeControl "600+2"]
[EndTime "9:08:21 PDT"]
[Termination "RogerFederer13 won by resignation"]

1. e4 c5 2. Nf3 e6 3. d4 cxd4 4. Nxd4 Nc6 5. Nc3 a6 6. Nxc6 bxc6 7. Bd3 d5 8. O-O Nf6 9. Re1 Be7 10. e5 Nd7 11. Qg4 Kf8 12. Na4 c5 13. c4 d4 14. b3 Qc7 15. Qe2 Bb7 16. Nb2 h5 17. Be4 g6 1-0

[Event "GrandPrix_29.05"]
[Site "Chess.com"]
[Date "2020.05.29"]
[Round "1"]
[White "Poghosyan_Suren"]
[Black "Msb2"]
[Result "0-1"]
[WhiteElo "2185"]
[BlackElo "1858"]
[TimeControl "600+2"]
[EndTime "9:09:17 PDT"]
[Termination "Msb2 won by resignation"]

1. d4 d5 2. c4 c6 3. Nf3 Nf6 4. Nc3 dxc4 5. a4 Bf5 6. Ne5 Qc7 7. Nxc4 Na6 8. f3 Rd8 9. e4 Be6 10. Bg5 Bxc4 11. Bxc4 e5 12. d5 Bc5 13. Qd2 Nb4 14.
a5 Qe7 15. Be3 Bxe3 16. Qxe3 Nc2+ 0-1

[Event "GrandPrix_29.05"]
[Site "Chess.com"]
[Date "2020.05.29"]
[Round "1"]
[White "Skatchkov_V"]
[Black "MirMan90"]
[Result "0-1"]
[WhiteElo "2173"]
[BlackElo "2647"]
[TimeControl "600+2"]
[EndTime "9:09:48 PDT"]
[Termination "MirMan90 won by resignation"]

1. d4 Nf6 2. c4 g6 3. Nf3 Bg7 4. g3 O-O 5. Bg2 d6 6. O-O Nc6 7. Nc3 Bf5 8. Bg5 Ne4 9. Nxe4 Bxe4 10. d5 Nb4 11. Qd2 a5 12. a3 Na6 13. Rae1 c6 14. e3 cxd5 15. h4 h6 16. Bf4 e5 0-1

[Event "GrandPrix_29.05"]
[Site "Chess.com"]
[Date "2020.05.29"]
[Round "1"]
[White "Vesper2018"]
[Black "bernereremit"]
[Result "1-0"]
[WhiteElo "1791"]
[BlackElo "1765"]
[TimeControl "600+2"]
[EndTime "9:10:03 PDT"]
[Termination "Vesper2018 won by resignation"]

1. e4 c5 2. Nf3 d6 3. d4 cxd4 4. Nxd4 Nf6 5. Nc3 a6 6. h3 e6 7. g4 Nfd7 8. Bg2 Be7 9. O-O O-O 10. Be3 Nc6 11. Qe2 Qc7 12. Rad1 b5 13. Nxc6 Qxc6 14. e5 d5 15. Nxd5 exd5 16. Bxd5 Qc7 17. Bxa8 Nb6 18. Bg2 Nc4 19. Bd4 Be6 20. f4 1-0

[Event "GrandPrix_29.05"]
[Site "Chess.com"]
[Date "2020.05.29"]
[Round "1"]
[White "Thor736"]
[Black "Jan1401"]
[Result "0-1"]
[WhiteElo "1988"]
[BlackElo "2450"]
[TimeControl "600+2"]
[EndTime "9:10:30 PDT"]
[Termination "Jan1401 won by resignation"]

1. e4 e6 2. d4 d5 3. Nd2 Nc6 4. Ngf3 Nf6 5. e5 Nd7 6. Bd3 Nb4 7. Be2 c5 8. c3 Nc6 9. O-O Be7 10. Bd3 a5 11. a4 Qb6 12. dxc5 Nxc5 13. Bc2 Qc7 14.
Re1 b6 15. Nf1 Ba6 16. Ng3 h6 17. Nh5 O-O-O 18. Nd4 Nxe5 19. Bf4 Bd6 20. b4 Ncd3 21. Bxd3 Nxd3 22. Bxd6 Rxd6 23. b5 Qxc3 24. Ne2 Qxe1+ 0-1

[Event "GrandPrix_29.05"]
[Site "Chess.com"]
[Date "2020.05.29"]
[Round "1"]
[White "TheFireChess"]
[Black "Mugzyyy"]
[Result "1-0"]
[WhiteElo "2249"]
[BlackElo "2605"]
[TimeControl "600+2"]
[EndTime "9:10:32 PDT"]
[Termination "TheFireChess won by resignation"]

1. e4 c5 2. c3 d6 3. d4 Nf6 4.
dxc5 Nc6 5. f3 dxc5 6. Qxd8+ Nxd8 7. Be3 e6 8. Na3 a6 9. Nc4 Nd7 10. O-O-O b5 11. Nd6+ Bxd6 12. Rxd6 Ke7 13. Rd2 Bb7 14.
Nh3 Bc6 15. Be2 Nb7 16. Rhd1 h6 17. Nf4 Ne5 18. Nh5 g6 19. Ng3 g5 20. h3 Ng6 21.
Nh5 Rac8 22. g3 Ne5 23. f4 gxf4 24. gxf4 Nc4 25. Bxc4 bxc4 26. f5 e5 27. f6+ Kf8 28. Bxc5+ Nxc5 29. Rd8+ Rxd8 30. Rxd8+ Be8 31. Ng7 Kg8 32.
Rxe8+ Kh7 33. Rxh8+ Kxh8 34. Nf5 Kh7 35. Nd6 Kg6 36. Nxc4 Kxf6 37. Nd2 Kg5 38. b4 Nd3+ 39. Kc2 Nf2 40. a4 Nxh3 41. b5 axb5 42. axb5 Nf4 43.
b6 1-0

[Event "GrandPrix_29.05"]
[Site "Chess.com"]
[Date "2020.05.29"]
[Round "1"]
[White "XeresLt"]
[Black "LANCELOT96"]
[Result "0-1"]
[WhiteElo "1749"]
[BlackElo "2330"]
[TimeControl "600+2"]
[EndTime "9:12:28 PDT"]
[Termination "LANCELOT96 won by resignation"]

1. e4 c6 2. d4 d5 3. exd5 cxd5 4. c4 Nf6 5. Nc3 e6 6. cxd5 Nxd5 7. Nf3 Be7 8. Bd3 O-O 9. O-O Nc6 10. Re1 g6 11. a3 b6 12. Nxd5 Qxd5 13. Be4 Qd6 14. Ne5 Bb7 15.
Nxc6 Bxc6 16. Bxc6 Qxc6 17. d5 Qd7 18. Bh6 Rfd8 19. dxe6 Qxd1 20. Raxd1 fxe6 21. Kf1 Kf7 22. Rxd8 Rxd8 23. Rc1 Rd7 24. Ke2 Bf6 25. Rc2 g5 26.
h4 gxh4 27. Be3 Kg6 28. a4 Kf5 29. b3 h5 30. Rc4 Rg7 31. Kf3 e5 32. g3 h3 33. Rc1 h4 34. gxh4 e4+ 35. Ke2 Rh7 36.
Kf1 Rxh4 37. Kg1 Be5 38. Kh1 Rh7 39. Rf1 Rd7 40. f3 Rd3 41. fxe4+ Kxe4 42. Bg1 Rxb3 43. Rf7 h2 44. Bxh2 Rh3 45. Rxa7 Rxh2+ 46. Kg1 Ra2 47.
Kf1 Kd3 48. Ke1 Bd4 0-1

[Event "GrandPrix_29.05"]
[Site "Chess.com"]
[Date "2020.05.29"]
[Round "1"]
[White "OparinGrigoriy"]
[Black "friesnielsen2302"]
[Result "1-0"]
[WhiteElo "2282"]
[BlackElo "1516"]
[TimeControl "600+2"]
[EndTime "9:12:34 PDT"]
[Termination "OparinGrigoriy won by resignation"]

1. Nf3 e6 2. g3 d5 3. Bg2 Nf6 4. c4 Be7 5. d4 O-O 6. Nc3 Na6 7. O-O c6 8. b3 b6 9. Bb2 Bb7 10. Rc1 Qb8 11. Ne5 Rd8 12. cxd5 cxd5 13. Qd2 Nc7 14.
Rc2 Nce8 15. Rfc1 Nd6 16. Qd3 Rc8 17. Ba3 Rc7 18. Nxd5 Nxd5 19. Rxc7 Nxc7 20. Nc6 Bxc6 21.
Bxc6 Nce8 22. Qf3 Nc7 23. Bxa8 Nxa8 24. Qc6 Qf8 25. Qd7 1-0

[Event "GrandPrix_29.05"]
[Site "Chess.com"]
[Date "2020.05.29"]
[Round "1"]
[White "Anton_Demchenko"]
[Black "Olghita64"]
[Result "1-0"]
[WhiteElo "2562"]
[BlackElo "2119"]
[TimeControl "600+2"]
[EndTime "9:12:35 PDT"]
[Termination "Anton_Demchenko won by resignation"]

1. d4 d5 2. Nf3 Nf6 3. Bf4 c5 4. e3 Nc6 5. Nbd2 cxd4 6. exd4 Bf5 7. Bb5 a6 8. Bxc6+ bxc6 9. c4 e6 10. O-O Bd6 11. Bxd6 Qxd6 12. Qa4 O-O 13. Rac1 Rfb8 14. b3 Rb4 15. Qa5 Bd3 16. Rfe1 dxc4 17. bxc4 Rb2 18.
Qc3 1-0

[Event "GrandPrix_29.05"]
[Site "Chess.com"]
[Date "2020.05.29"]
[Round "1"]
[White "Nitzan_Steinberg"]
[Black "FLamps8"]
[Result "1/2-1/2"]
[WhiteElo "2338"]
[BlackElo "2146"]
[TimeControl "600+2"]
[EndTime "9:12:43 PDT"]
[Termination "Game drawn by repetition"]

1. e4 c6 2. Nf3 d5 3. exd5 cxd5 4. Ne5 Nc6 5. d4 Nf6 6. c3 g6 7. Bb5 Qb6 8. a4 a6 9. Bxc6+ bxc6 10. a5 Qb7 11.
Nd2 Bg7 12. Qa4 Bd7 13. Nb3 Ne4 14. Bf4 Bxe5 15. Bxe5 f6 16. Bf4 c5 17. Qa3 c4 18. Nc5 Nxc5 19. Qxc5 Qxb2 20. O-O Qb5 21. Qa3 Qb3 22. Qc5 Qb5 23. Qa3 Qb3 24. Qc5 Qb5 1/2-1/2

[Event "GrandPrix_29.05"]
[Site "Chess.com"]
[Date "2020.05.29"]
[Round "1"]
[White "Supernotar"]
[Black "rasmussvane"]
[Result "1/2-1/2"]
[WhiteElo "2151"]
[BlackElo "2345"]
[TimeControl "600+2"]
[EndTime "9:12:46 PDT"]
[Termination "Game drawn by agreement"]

1. d4 d5 2. c4 e6 3. Nf3 a6 4.
e3 Nf6 5. Nbd2 b6 6. Bd3 Bb7 7. O-O Bd6 8. b3 O-O 9. Bb2 Nbd7 10.
Qe2 Ne4 11. Rad1 Qe7 12. Ne5 Bxe5 13. dxe5 Nxd2 14. Rxd2 dxc4 15. Bxc4 Rfd8 16. Rfd1 b5 17. Bd3 Nb6 18. e4 Rd7 19. Bc2 Rad8 20. Rxd7 Rxd7 21. Rxd7 Qxd7 22. Qd3 Qxd3 23. Bxd3 Nd7 24. f3 c5 25. Kf2 Kf8 26. Ke3 Ke8 27. f4 Nb6 28. g4 Bc6 29. h4 a5 30. h5 a4 31. g5 axb3 32. axb3 c4 33. bxc4 Nxc4+ 34. Bxc4 bxc4 35. Kd4 1/2-1/2

[Event "GrandPrix_29.05"]
[Site "Chess.com"]
[Date "2020.05.29"]
[Round "1"]
[White "Andrjywa"]
[Black "AsadliVugar"]
[Result "1-0"]
[WhiteElo "2014"]
[BlackElo "1944"]
[TimeControl "600+2"]
[EndTime "9:12:56 PDT"]
[Termination "Andrjywa won by resignation"]

1. e4 e5 2. Nf3 Nc6 3. d4 exd4 4.
c3 d3 5. Bxd3 d6 6. O-O Nf6 7.
h3 Be7 8. Bf4 O-O 9. Nbd2 Re8 10. Re1 Bf8 11. Nc4 b5 12. Ne3 Rb8 13. e5 dxe5 14.
Nxe5 Nxe5 15. Bxe5 Bb7 16. Bxf6 Qxf6 17. Bxb5 Re5 18.
Bf1 h5 19. b4 Rd8 20. Qe2 g6 21. Ng4 hxg4 22. Qxe5 Qc6 23. hxg4 Bg7 24. Qc5 Bxc3 25.
Rad1 Rxd1 26. Rxd1 Qf6 27. Qxc7 1-0

[Event "GrandPrix_29.05"]
[Site "Chess.com"]
[Date "2020.05.29"]
[Round "1"]
[White "Sunnika"]
[Black "Misterlose0"]
[Result "1/2-1/2"]
[WhiteElo "2209"]
[BlackElo "1339"]
[TimeControl "600+2"]
[EndTime "9:13:15 PDT"]
[Termination "Game drawn by agreement"]

1. d4 Nf6 2. Nf3 e6 3. Bf4 c5 4.
e3 d5 5. c3 Bd6 6. Bg3 Qc7 7.
Nbd2 Nbd7 8. Be2 O-O 9. O-O e5 10. dxe5 Nxe5 11. Nxe5 Bxe5 12. Bxe5 Qxe5 13. Nf3 Qc7 14.
Qc2 Bg4 15. Rad1 Rad8 16. Rfe1 Rfe8 17. c4 dxc4 18. Qxc4 Be6 19. Qc2 Qb6 20. Nd2 h5 21. h3 g6 22. Nc4 Qc7 23. Bf3 Nd5 24. a3 Nb6 25. Nxb6 Qxb6 26. Rxd8 Rxd8 27. Rd1 Rxd1+ 28. Bxd1 Qd6 29. Bf3 b6 30. h4 Qd8 1/2-1/2

[Event "GrandPrix_29.05"]
[Site "Chess.com"]
[Date "2020.05.29"]
[Round "1"]
[White "RaphaeI"]
[Black "Karacsonyi_Gellert"]
[Result "1/2-1/2"]
[WhiteElo "2364"]
[BlackElo "2177"]
[TimeControl "600+2"]
[EndTime "9:13:16 PDT"]
[Termination "Game drawn by agreement"]

1. Nf3 Nf6 2. c4 e6 3. g3 d5 4. Bg2 dxc4 5. Qa4+ Bd7 6. Qxc4 c5 7. Ne5 Qc8 8. Qd3 Bc6 9. Nxc6 Nxc6 10. Nc3 Be7 11. O-O O-O 12. Qc4 Qd7 13. Qa4 Rac8 14. d3 Rfd8 15.
Bd2 Nd5 16. Rfd1 b6 17. Rac1 Bf6 18. a3 Nd4 19. Qxd7 Rxd7 20. Nxd5 exd5 21. Kf1 Re8 22.
e3 Nb3 23. Rc2 Nxd2+ 24. Rcxd2 g6 25. e4 dxe4 26. dxe4 Rxd2 27. Rxd2 Rd8 1/2-1/2

[Event "GrandPrix_29.05"]
[Site "Chess.com"]
[Date "2020.05.29"]
[Round "1"]
[White "AlexVanGog"]
[Black "LazovT"]
[Result "1-0"]
[WhiteElo "2466"]
[BlackElo "1934"]
[TimeControl "600+2"]
[EndTime "9:13:23 PDT"]
[Termination "AlexVanGog won by resignation"]

1. Nf3 Nf6 2. c4 g6 3. Nc3 Bg7 4. e4 O-O 5. d4 d6 6. Be2 e5 7. O-O Na6 8. Be3 Ng4 9. Bg5 Qe8 10. Re1 c6 11. h3 Nf6 12. Bf1 Nh5 13. Qd2 f6 14. Be3 Nc7 15. g4 Nf4 16. Bxf4 exf4 17. Qxf4 Qd8 18. Bg2 Ne6 19. Qd2 f5 20. exf5 gxf5 21. g5 f4 22. h4 h6 23. d5 cxd5 24.
Qxd5 Re8 25. Bh3 Qd7 26. Rxe6 1-0

[Event "GrandPrix_29.05"]
[Site "Chess.com"]
[Date "2020.05.29"]
[Round "1"]
[White "ArnaudovP"]
[Black "Meizon19"]
[Result "1-0"]
[WhiteElo "2004"]
[BlackElo "2220"]
[TimeControl "600+2"]
[EndTime "9:13:32 PDT"]
[Termination "ArnaudovP won by resignation"]

1. Nf3 Nf6 2. c4 g6 3. Nc3 Bg7 4. e4 d6 5. d4 O-O 6. h3 e5 7. d5 Nbd7 8. Be3 a5 9. g4 Nc5 10. Nd2 Ne8 11. Rg1 Kh8 12. Be2 f5 13. g5 f4 14.
Bxc5 dxc5 15. h4 Nd6 16. h5 Kg8 17. h6 Bh8 18. Bg4 Rf7 19. Bxc8 Qxc8 20. Qg4 Qxg4 21. Rxg4 f3 22. O-O-O Raf8 23. Rh1 Rf4 24. Rg3 a4 25. Kc2 b6 26. a3 Kf7 27. Kd3 Ke7 28. Nxa4 b5 29.
Nxc5 bxc4+ 30. Nxc4 1-0

[Event "GrandPrix_29.05"]
[Site "Chess.com"]
[Date "2020.05.29"]
[Round "1"]
[White "Zhuu96"]
[Black "Tashik"]
[Result "1-0"]
[WhiteElo "2575"]
[BlackElo "2114"]
[TimeControl "600+2"]
[EndTime "9:13:33 PDT"]
[Termination "Zhuu96 won by resignation"]

1. d4 Nf6 2. Nf3 d5 3. c4 e6 4. Nc3 c5 5. cxd5 Nxd5 6. Bg5 f6 7. Bd2 Nc6 8. e3 Be7 9. Bb5 O-O 10. O-O a6 11. Bxc6 bxc6 12. Na4 cxd4 13. Nxd4 c5 14.
Nc6 Qd6 15. Nxe7+ Nxe7 16. Rc1 Bb7 17. Nxc5 Bc6 18. Bb4 Qxd1 19. Rfxd1 Nd5 20. Nxe6 Nxb4 21. Nxf8 Kxf8 22. Rd4 1-0

[Event "GrandPrix_29.05"]
[Site "Chess.com"]
[Date "2020.05.29"]
[Round "1"]
[White "GMMarcinDziuba"]
[Black "Khayala13"]
[Result "1-0"]
[WhiteElo "2506"]
[BlackElo "2062"]
[TimeControl "600+2"]
[EndTime "9:13:47 PDT"]
[Termination "GMMarcinDziuba won by resignation"]

1. Nf3 Nf6 2. g3 b6 3. Bg2 Bb7 4. O-O e6 5. c4 c5 6. b3 Be7 7.
Bb2 O-O 8. Nc3 d6 9. e3 Nbd7 10. d4 cxd4 11. exd4 a6 12. d5 e5 13. Nh4 g6 14. f4 exf4 15. gxf4 Nh5 16. Nf5 Ndf6 17. Nxe7+ Qxe7 18. Qd4 Rfe8 19. Ne4 Kg7 20. Rae1 Qd8 21. Nxf6 Qxf6 22. Qd2 1-0

[Event "GrandPrix_29.05"]
[Site "Chess.com"]
[Date "2020.05.29"]
[Round "1"]
[White "ly4o"]
[Black "Cocolino12"]
[Result "1-0"]
[WhiteElo "2034"]
[BlackElo "2382"]
[TimeControl "600+2"]
[EndTime "9:13:55 PDT"]
[Termination "ly4o won by resignation"]

1. d4 d5 2. Bf4 Nf6 3. e3 c5 4. dxc5 Nc6 5. Bb5 e6 6. b4 a5 7.
c3 axb4 8. cxb4 Bd7 9. Qb3 Ne4 10. Nc3 Qf6 11. Rc1 Nxc3 12. Rxc3 Rxa2 13. Ne2 Ra1+ 14. Rc1 Be7 15. O-O Rxc1 16. Rxc1 O-O 17. h3 e5 18. Bg3 Be6 19. Qb2 e4 20. Nd4 Nxd4 21. Qxd4 Qxd4 22. exd4 Bf6 23. Rd1 Ra8 24. Bc7 g5 25. Be2 Ra4 26.
Ba5 Bg7 27. Bb5 Ra2 28. c6 bxc6 29. Bxc6 f5 30. Bc7 f4 31. b5 Rc2 32. b6 e3 33.
fxe3 Bc8 34. Bxd5+ Kf8 35. exf4 gxf4 36. Bd6+ Ke8 37.
b7 Bxb7 38. Bxb7 Kd7 39. Bxf4 Rc4 40. Be5 Bh6 41. Be4 Be3+ 42. Kh2 h5 43. Kg3 Rc3 44. Rd3 Rxd3 45. Bxd3 Ke6 46. Kh4 Kd5 47. Kxh5 Bxd4 48. Bxd4 Kxd4 49. g4 1-0

[Event "GrandPrix_29.05"]
[Site "Chess.com"]
[Date "2020.05.29"]
[Round "1"]
[White "DenisQ"]
[Black "CherepZhenya"]
[Result "1/2-1/2"]
[WhiteElo "1519"]
[BlackElo "2203"]
[TimeControl "600+2"]
[EndTime "9:13:55 PDT"]
[Termination "Game drawn by agreement"]

1. Nf3 c5 2. c4 Nc6 3. Nc3 e5 4. g3 g6 5. Bg2 Bg7 6. O-O d6 7. Ne1 Be6 8. Nd5 Nge7 9. Nc2 O-O 10. d3 Rb8 11. a4 a5 12. Nxe7+ Qxe7 13. Ne3 Qd7 14.
Nd5 Nb4 15. Bd2 Bxd5 16. cxd5 f5 17. Bxb4 axb4 18. e4 f4 19. h4 fxg3 20. fxg3 Bh6 21. Kh2 Be3 22. Bh3 Qe7 23. Qe2 Bd4 24. Rxf8+ Rxf8 25. Rf1 Rxf1 26. Bxf1 Qf6 27. b3 b6 28. Bh3 h5 29. Kg2 Kg7 30. Qf3 Qxf3+ 31. Kxf3 1/2-1/2

[Event "GrandPrix_29.05"]
[Site "Chess.com"]
[Date "2020.05.29"]
[Round "1"]
[White "eristeski7"]
[Black "TheJoker64"]
[Result "1/2-1/2"]
[WhiteElo "2110"]
[BlackElo "2299"]
[TimeControl "600+2"]
[EndTime "9:14:01 PDT"]
[Termination "Game drawn by agreement"]

1. e4 c5 2. Nf3 Nc6 3. Bb5 d6 4. O-O Bd7 5. c3 a6 6. Ba4 Nf6 7. Re1 b5 8. Bc2 Bg4 9. h3 Bh5 10. d3 e6 11. Nbd2 Be7 12. Nf1 h6 13. Ng3 Bg6 14.
d4 cxd4 15. Nxd4 Rc8 16. a4 Nxd4 17. cxd4 d5 18. axb5 axb5 19. Bd3 O-O 20. e5 Ne4 21.
Nxe4 dxe4 22. Bxe4 Rc4 23. Bxg6 fxg6 24. Be3 Qd5 25. Qd3 Kh7 1/2-1/2

[Event "GrandPrix_29.05"]
[Site "Chess.com"]
[Date "2020.05.29"]
[Round "1"]
[White "Bosiocic"]
[Black "Tolya2"]
[Result "1-0"]
[WhiteElo "2685"]
[BlackElo "2159"]
[TimeControl "600+2"]
[EndTime "9:14:34 PDT"]
[Termination "Bosiocic won by resignation"]

1. d4 d5 2. Bf4 c5 3. e3 e6 4. Nc3 a6 5. Nf3 Nc6 6. a3 Bd6 7. dxc5 Bxc5 8. Bd3 Nf6 9. O-O O-O 10. e4 dxe4 11. Nxe4 Be7 12. Qe2 Nd4 13. Nxd4 Qxd4 14. c3 Qa4 15. Rad1 Bd7 16. Bc2 Qb5 17. c4 Qc6 18.
Nxf6+ Bxf6 19. Qd3 g6 20. Qxd7 Qxc4 21. Qd2 Bxb2 22.
Bh6 Bg7 23. Bxg7 Kxg7 24. Qd4+ Qxd4 25. Rxd4 Rfc8 26. Be4 Rc3 27. a4 Rb8 28. g3 b5 29.
axb5 axb5 30. Rb1 f5 31. Bg2 Kf6 32. Rdb4 Rc5 33. Bf1 g5 34. Rxb5 Rbxb5 35. Rxb5 Rc2 36. Rb6 h5 37. Ba6 h4 38. gxh4 gxh4 39. h3 Ke5 40. Kg2 Kf6 41. Bb7 Re2 42. Bc8 Re1 43. Kf3 Re5 44. Kg2 Re1 45. Ra6 Re2 46. Kf1 Re4 47.
f3 Re5 48. Kf2 f4 49. Ra4 Kf5 50. Ba6 Rd5 51. Be2 Rd2 52. Ra8 Rd4 53. Rh8 Kg5 54.
Rg8+ Kh5 55. Re8 Rd6 56. Bc4 Rd2+ 57. Ke1 Rc2 58. Bxe6 Kg5 59. Bg4 Rb2 60. Re5+ Kg6 61. Rh5 1-0

[Event "GrandPrix_29.05"]
[Site "Chess.com"]
[Date "2020.05.29"]
[Round "1"]
[White "Nodar_Lortkipanidze"]
[Black "Tokarev_Sergey"]
[Result "1-0"]
[WhiteElo "2471"]
[BlackElo "2022"]
[TimeControl "600+2"]
[EndTime "9:14:47 PDT"]
[Termination "Nodar_Lortkipanidze won by resignation"]

1. e4 e6 2. d4 d5 3. exd5 exd5 4. Bd3 h6 5. Qf3 Nf6 6. h3 c5 7. dxc5 Bxc5 8. Ne2 Nc6 9. Bf4 Qb6 10. O-O O-O 11. Nbc3 Be6 12. Na4 Qa5 13. Nxc5 Qxc5 14. Bxh6 Ne4 15.
Be3 Qb4 16. Bxe4 dxe4 17. Qg3 Qxb2 18. Rab1 Qxc2 19. Bh6 g6 20. Nf4 Bf5 21. Qh4 Qc3 22.
Nd5 1-0

[Event "GrandPrix_29.05"]
[Site "Chess.com"]
[Date "2020.05.29"]
[Round "1"]
[White "Infernal_XaM"]
[Black "elohunter1999"]
[Result "1-0"]
[WhiteElo "2674"]
[BlackElo "2181"]
[TimeControl "600+2"]
[EndTime "9:14:56 PDT"]
[Termination "Infernal_XaM won by resignation"]

1. d4 Nf6 2. c4 e6 3. Nc3 Bb4 4. Bd2 O-O 5. Nf3 c5 6. e3 b6 7. Bd3 Bb7 8. O-O d6 9. a3 Bxc3 10. Bxc3 Nbd7 11. dxc5 Nxc5 12. Be2 Nce4 13. Be1 Rc8 14.
Nd4 d5 15. f3 Nd6 16. cxd5 Nxd5 17. Bf2 Qg5 18. Qb3 e5 19. h4 Qh6 20. Nc2 Nf5 21. Bc4 Nxh4 22. Bxd5 Bxd5 23. Qxd5 Rxc2 24. Qe4 Nxg2 25. Qxc2 Qg5 26. Kh2 Nxe3 27. Bxe3 Qxe3 28. Rae1 Qf4+ 29. Kh1 f5 30. Qh2 Qg5 31. Qxe5 Rf6 32. Qd5+ 1-0

[Event "GrandPrix_29.05"]
[Site "Chess.com"]
[Date "2020.05.29"]
[Round "1"]
[White "SavelievAlexei"]
[Black "jmduque"]
[Result "1-0"]
[WhiteElo "2314"]
[BlackElo "1767"]
[TimeControl "600+2"]
[EndTime "9:14:59 PDT"]
[Termination "SavelievAlexei won by resignation"]

1. e4 c5 2. Nf3 e6 3. d4 cxd4 4. Nxd4 Nc6 5. Nc3 Qc7 6. Be2 a6 7. Be3 Nf6 8. a3 Be7 9. O-O O-O 10. f4 d6 11. Kh1 Re8 12. Qe1 Bd7 13. Qg3 Nxd4 14. Bxd4 Bc6 15. Rae1 Rad8 16. Bd3 b5 17. Re2 g6 18. f5 e5 19. Be3 d5 20. exd5 Nxd5 21.
Nxd5 Bxd5 22. fxg6 hxg6 23. Bxg6 fxg6 24. Qxg6+ Kh8 25. Rf5 Bxg2+ 26. Rxg2 Rd1+ 27. Bg1 Rxg1+ 28. Rxg1 Qb7+ 29. Rg2 1-0

[Event "GrandPrix_29.05"]
[Site "Chess.com"]
[Date "2020.05.29"]
[Round "1"]
[White "Saqo007"]
[Black "Gabrielian_Artur"]
[Result "0-1"]
[WhiteElo "2112"]
[BlackElo "2558"]
[TimeControl "600+2"]
[EndTime "9:15:22 PDT"]
[Termination "Gabrielian_Artur won by resignation"]

1. d4 Nf6 2. c4 c5 3. d5 e6 4. Nc3 exd5 5. cxd5 d6 6. Nf3 g6 7. Bf4 Bg7 8. Qa4+ Bd7 9. Qb3 b5 10.
Bxd6 Qb6 11. Be5 O-O 12. e3 c4 13. Qb4 Na6 14. Qd6 b4 15. Bxc4 bxc3 16. bxc3 Nc5 17. O-O Nfe4 18. Qxb6 axb6 19. Rab1 Bxe5 20. Nxe5 Nd2 21.
Rxb6 Nxf1 22. Kxf1 Rfb8 23. Rf6 Bb5 24. Bxb5 Rxb5 25. c4 Rb1+ 26. Ke2 Rxa2+ 27. Kf3 Rxf2+ 28. Kxf2 Ne4+ 29. Ke2 Nxf6 30. d6 Kf8 31. c5 Rb5 32. Nd3 Ke8 33. c6 Ne4 34. d7+ Kd8 35. Kf3 Ng5+ 36. Kf4 Ne6+ 37. Kf3 Kc7 0-1

[Event "GrandPrix_29.05"]
[Site "Chess.com"]
[Date "2020.05.29"]
[Round "1"]
[White "AbasovN"]
[Black "Sergey_Krivenko"]
[Result "1-0"]
[WhiteElo "2553"]
[BlackElo "2110"]
[TimeControl "600+2"]
[EndTime "9:15:22 PDT"]
[Termination "AbasovN won by resignation"]

1. e4 e6 2. d4 d5 3. exd5 exd5 4.
Nf3 Bd6 5. Bd3 Nc6 6. h3 Nge7 7.
O-O Bf5 8. Re1 O-O 9. Nc3 Bb4 10. Bxf5 Nxf5 11. Qd3 Qd7 12. a3 Bxc3 13. Qxc3 Rfe8 14. Rxe8+ Rxe8 15. Qd3 Nd6 16. Bf4 Ne4 17. Re1 Ne7 18.
Nd2 Nxd2 19. Qxd2 Nf5 20. Rxe8+ Qxe8 21. Bxc7 Qe4 22. c3 Nh4 23. f3 Qxf3 24. Qg5 Qf6 25.
Qxd5 1-0

[Event "GrandPrix_29.05"]
[Site "Chess.com"]
[Date "2020.05.29"]
[Round "1"]
[White "Gannikus21"]
[Black "OhanyanEminChess"]
[Result "0-1"]
[WhiteElo "2060"]
[BlackElo "2148"]
[TimeControl "600+2"]
[EndTime "9:15:56 PDT"]
[Termination "OhanyanEminChess won by resignation"]

1. e4 e5 2. Nf3 Nc6 3. Bb5 f5 4. Nc3 fxe4 5. Nxe4 Nf6 6. Qe2 Qe7 7. Nxf6+ gxf6 8. O-O d5 9. d4 e4 10. Nh4 f5 11.
Bxc6+ bxc6 12. Qh5+ Qf7 13. Qxf7+ Kxf7 14. g3 c5 15. c3 cxd4 16. cxd4 c5 17. dxc5 Bxc5 18. Be3 d4 19. Rac1 Bb6 20. Bf4 Be6 21. Bc7 Rhc8 22. Bxb6 axb6 23. a3 d3 24. Ng2 Bb3 25.
Ne3 Rxc1 26. Rxc1 d2 27. Rc7+ Ke6 28. Rxh7 d1=Q+ 29. Nxd1 Bxd1 30. Rh6+ Ke5 31. Rxb6 Rc8 32. Rb5+ Kf6 33. Rb6+ Kg7 34. Kf1 Bf3 35. Ke1 Rd8 36. Rb7+ Kg6 37. Rb6+ Kg5 38. h4+ Kg4 0-1

[Event "GrandPrix_29.05"]
[Site "Chess.com"]
[Date "2020.05.29"]
[Round "1"]
[White "benko_008"]
[Black "VincentKeymer"]
[Result "0-1"]
[WhiteElo "2071"]
[BlackElo "2535"]
[TimeControl "600+2"]
[EndTime "9:16:29 PDT"]
[Termination "VincentKeymer won by resignation"]

1. Nf3 d5 2. d4 Nf6 3. c4 e6 4. cxd5 exd5 5. Nc3 c6 6. Bg5 h6 7. Bf4 Nh5 8. Bg3 Nxg3 9. hxg3 Bd6 10. e3 Nd7 11. g4 Nf6 12. g5 Ng8 13. Bd3 Bg4 14. Qb3 Rb8 15. g6 f6 16. Nh4 Ne7 17. f3 Bg3+ 18.
Kd2 Be6 19. Ne2 Bd6 20. g4 Qa5+ 21. Nc3 Kd7 22. a3 Rhe8 23. Rae1 b5 24. Ra1 a6 25.
Qc2 Qb6 26. Ng2 c5 27. dxc5 Bxc5 28. b4 Bd6 29. Ne2 Rbc8 30. Qb2 Be5 31. Nd4 Nc6 32. Rac1 Nxd4 33. exd4 Bxd4 34. Qb1 Bc3+ 35. Rxc3 Qf2+ 36. Be2 Rxc3 37. Kxc3 Qxe2 38. Nf4 Qe5+ 0-1

[Event "GrandPrix_29.05"]
[Site "Chess.com"]
[Date "2020.05.29"]
[Round "1"]
[White "Pierluigi15"]
[Black "Frozygul"]
[Result "1-0"]
[WhiteElo "2647"]
[BlackElo "2172"]
[TimeControl "600+2"]
[EndTime "9:16:35 PDT"]
[Termination "Pierluigi15 won by resignation"]

1. d4 d5 2. c4 dxc4 3. Nf3 Nf6 4. e3 e6 5. Bxc4 a6 6. O-O b5 7. Be2 Bb7 8. a4 b4 9. Nbd2 Nbd7 10. b3 c5 11. Bb2 Be7 12. Rc1 O-O 13. dxc5 Bxc5 14. Ne5 Qe7 15. Bf3 Bxf3 16. Qxf3 Nxe5 17. Bxe5 Rac8 18. Bxf6 Qxf6 19. Qxf6 gxf6 20. Rc2 Ba7 21. Rfc1 Rxc2 22. Rxc2 Rd8 23. Kf1 f5 24. Ke2 Bb8 25. Rc6 f4 26. Rxa6 fxe3 27. fxe3 Bxh2 28. Rb6 Bd6 29. Nc4 Be7 30. a5 Kf8 31. a6 Ke8 32. a7 Bc5 33. Rb7 h5 34. Nb6 Bxb6 35. Rxb6 Kd7 36. Rb8 1-0